 Dungeon Crawl Stone Soup version 0.26.1-11-gd32895ea62 (webtiles) character file.

Game seed: 9585107968313636727

114 nomophobia the Bolt Thrower (level 5, 0/32 HPs)
             Began as a Kobold Hunter on May 18, 2021.
             Succumbed to a scorpion's poison
             ... on level 3 of the Dungeon.
             The game lasted 00:25:44 (2140 turns).

nomophobia the Bolt Thrower (Kobold Hunter)         Turns: 2140, Time: 00:25:45

Health: 0/32       AC:  4    Str:  9    XL:     5   Next: 19%
Magic:  5/5        EV: 15    Int: 13    God:
Gold:   74         SH:  0    Dex: 16    Spells: 4/4 levels left

rFire    . . .     SeeInvis .   b - +0 short sword
rCold    . . .     Faith    .   (shield restricted)
rNeg     . . .     Spirit   .   c - +1 leather armour
rPois    .         Reflect  .   (no helmet)
rElec    .         Harm     .   (no cloak)
rCorr    .         Rampage  .   (no gloves)
Will     .....                  (no boots)
Stlth    +++.......             (no amulet)
HPRegen  0.10/turn              (no ring)
MPRegen  0.09/turn              (no ring)

@: lethally poisoned (0 -> -20)
A: small, nightstalker 3
a: no special abilities


You were on level 3 of the Dungeon.
You visited 1 branch of the dungeon, and saw 3 of its levels.

You collected 74 gold pieces.

Inventory:

Hand Weapons
 a - a +1 hand crossbow
 b - a +0 short sword (weapon)
Missiles
 d - 4 bolts
Armour
 c - a +1 leather armour (worn)
Scrolls
 f - 3 scrolls of teleportation
 g - 5 scrolls of identify
 h - a scroll of remove curse
Potions
 e - a potion of heal wounds


   Skills:
 + Level 3.0 Fighting
 + Level 1.3 Short Blades
 + Level 5.5 Crossbows
 - Level 3.0 Dodging
 * Level 4.2 Stealth


You had 4 spell levels left.
You didn't know any spells.
Your spell library was empty.

Dungeon Overview and Level Annotations

Branches:
Dungeon (3/15)

Altars:
Elyvilon
Hepliaklqana
Nemelex Xobeh
Qazlal
Sif Muna


Innate Abilities, Weirdness & Mutations

You are small and have problems with some larger weapons.
You are completely attuned to the shadows.


Message History

The scorpion is heavily wounded.
The scorpion stings you!
You are poisoned.
The scorpion poisons you!
You hit the scorpion.
The scorpion is almost dead.
You feel sick. The scorpion misses you.
You hit the scorpion but do no damage.
The scorpion is almost dead.
You feel sick. The scorpion stings you.
* * * LOW HITPOINT WARNING * * *
You barely miss the scorpion.
The scorpion is almost dead.
The scorpion stings you!
* * * LOW HITPOINT WARNING * * *
You are more poisoned.
The scorpion poisons you!
You hit the scorpion but do no damage.
The scorpion is almost dead.
You die...

############
#..........#
#.########.# ## ##
#.#
.#..#######.#######((
.#..............@s.(#
.^........#.#.###.###
.......####.#.# .#
.....#.####.#.###.#
...#...............
...........)......
...###.######..##.
#.####.# #....
#...##.# .###


You could see a scorpion.

Vanquished Creatures
  4 adders
  An adder zombie (D:2)
  2 worms
  2 dart slugs (D:2)
  A leopard gecko (D:2)
  A ball python (D:2)
  A bat skeleton (D:2)
  2 bat zombies (D:2)
  3 giant cockroaches
  6 hobgoblins
  5 jackals
  3 bats
  4 frilled lizards
  3 giant cockroach zombies (D:2)
  13 goblins
  A jackal skeleton (D:2)
  A jackal zombie (D:2)
  5 kobolds
  5 rats
63 creatures vanquished.

Vanquished Creatures (others)
  4 withered plants (D:2)
4 creatures vanquished.

Grand Total: 67 creatures vanquished

Notes
Turn   | Place    | Note
-------+----------+-------------------------------------------
     0 | D:1      | nomophobia the Kobold Hunter began the quest for the Orb.
     0 | D:1      | Reached XP level 1. HP: 12/12 MP: 1/1
   158 | D:1      | Reached XP level 2. HP: 17/18 MP: 2/2
   221 | D:1      | Reached skill level 5 in Crossbows
   499 | D:1      | Reached XP level 3. HP: 16/22 MP: 3/3
  1120 | D:2      | Reached XP level 4. HP: 27/27 MP: 4/4
  1120 | D:2      | Found a sparkling altar of Nemelex Xobeh.
  1124 | D:2      | Found a hazy altar of Hepliaklqana.
  1177 | D:2      | Found a stormy altar of Qazlal.
  1735 | D:2      | Found a shimmering blue altar of Sif Muna.
  1799 | D:2      | Reached skill level 1 in Short Blades
  1928 | D:3      | Reached XP level 5. HP: 32/32 MP: 5/5
  1955 | D:3      | Found a white marble altar of Elyvilon.
  2139 | D:3      | HP: 1/32 [scorpion (7)]
  2140 | D:3      | Succumbed to a scorpion's poison

Illustrated notes

Levels and vault maps discovered:
D:1:      dpeg_arrival_morbid_curiosity, layout_loops_ring
D:2:      layout_loops_cross, led_sif_pool, grunt_temple_overflow_open,
          serial_undead, serial_undead_e, serial_undead_f, serial_undead_f,
          serial_undead_c, serial_undead_b, serial_undead_f, serial_undead_d
D:3:      layout_loops_ring, elyvilon_altar_4, minmay_randomly_rotated_circles

Skill      XL: |  1  2  3  4 |
---------------+-------------+-----
Stealth        | 2 3 4 |  4.2
Crossbows      | 5 |  5.5
Dodging        | 3 |  3.0
Short Blades   | 1 |  1.3
Fighting       | 3 |  3.0

Action                   |  1- 3 |  4- 6 || total
-------------------------+-------+-------++-------
Melee: Short sword       |     8 |    60 ||    68
 Fire: Hand crossbow     |    61 |    61 ||   122
  Use: Scroll            |     2 |     3 ||     5
Armor: Leather armour    |     8 |    10 ||    18
Dodge: Dodged            |    38 |    61 ||    99
